[Event "Late-Titled-Tuesday-Blitz-November-28-2023"]
[Site "Chess.com"]
[Date "2023.11.28"]
[Round "11"]
[White "hristos03"]
[Black "SEBAZZANO"]
[Result "0-1"]
[WhiteElo "2349"]
[BlackElo "2270"]
[TimeControl "180+1"]
[EndTime "16:03:32 PST"]
[Termination "SEBAZZANO won on time"]

1. e4 e6 2. d4 d5 3. e5 c5 4. c3 Nc6 5. Nf3 Qb6 6. Be2 Nh6 7.
Na3 cxd4 8. cxd4 Nf5 9. Nc2 Bb4+ 10. Kf1 h5 11. h4 Bd7 12. g3 Rc8 13. Kg2 Be7 14. Bg5 Bxg5 15. hxg5 g6 16. Qd2 Na5 17. b3 Ke7 18. Bd3 Nc6 19. Bxf5 exf5 20. Ne3 Be6 21. Rac1 Qb4 22. Rxc6 Qxd2 23. Rxe6+ fxe6 24. Nxd2 Rc3 25.
Kf3 Rhc8 26. Ke2 b5 27. Ng2 Rc2 28. Nf4 Kf7 29. Kd3 Rxa2 30. Rd1 Rcc2 31. Ke3 b4 32. Nd3 Rc3 33. Ke2 a5 34. Nc5 a4 35. Nxa4 Rxb3 36.
Nc5 Rc3 37. Nb7 b3 38. Nd6+ Ke7 39. Rb1 Rcc2 40. Rd1 b2 41. Nb5 Rc1 42. Nc3 Rxd1 43.
Kxd1 Ra1+ 44. Ndb1 h4 45. gxh4 Ra8 46. Kc2 Rh8 47.
Kxb2 Rxh4 48. Nd2 Rf4 49. Kc2 Rxd4 50. Kd1 Rf4 51. Ke2 Rg4 52. Nf3 d4 53. Nb1 Re4+ 54. Kf1 Kd7 55. Nbd2 Rf4 56. Ke2 Kc6 57. Kd3 Kd5 58.
Ke2 Kc5 59. Kd3 Kd5 60. Ke2 Kc5 61. Nf1 Kc4 62. N1d2+ Kc3 63. Nf1 d3+ 64. Ke3 Ra4 65. N1d2 Ra2 66. Nf1 Re2+ 67. Kf4 d2 0-1

[Event "Late-Titled-Tuesday-Blitz-November-28-2023"]
[Site "Chess.com"]
[Date "2023.11.28"]
[Round "11"]
[White "TrenerChos"]
[Black "picturesquecheck"]
[Result "1/2-1/2"]
[WhiteElo "2598"]
[BlackElo "2402"]
[TimeControl "180+1"]
[EndTime "16:03:34 PST"]
[Termination "Game drawn by repetition"]

1. b3 Nf6 2. Bb2 g6 3. e4 d6 4. g3 Bg7 5. Bg2 O-O 6. Ne2 c5 7. O-O Nc6 8. d4 cxd4 9. Nxd4 Bd7 10. Nxc6 Bxc6 11. Nd2 Nd7 12. Bxg7 Kxg7 13. Nc4 Nc5 14. Qd4+ Kg8 15. Rfd1 Rc8 16. e5 Bxg2 17. Kxg2 b5 18. Ne3 dxe5 19. Qxe5 Qc7 20. Qg5 Qb7+ 21. f3 Ne6 22.
Qe5 Rc5 23. Rd5 Rfc8 24. Rad1 Rxd5 25. Nxd5 Rxc2+ 26. Kg1 a6 27. Qe3 Rxa2 28. h4 Rc2 29. h5 Rc5 30. Nf4 Qc7 31. h6 Nxf4 32. gxf4 Rc6 33.
Qe5 f6 34. Qe4 Rc1 35. Qd5+ Kf8 36. Kg2 Rxd1 37. Qxd1 Qxf4 38. Qd8+ Kf7 39. Qd5+ Kf8 40. Qa8+ Kf7 41. Qd5+ Kf8 42. Qa8+ Kf7 43. Qxa6 Qg5+ 44. Kf2 Qd2+ 45. Kf1 Qxh6 46. Qxb5 Qc1+ 47. Kg2 Qd2+ 48. Kf1 h5 49. Qc4+ Kg7 50. Qe6 Qc1+ 51. Kg2 Qc7 52.
b4 h4 53. Kf1 h3 54. Qxh3 Qc4+ 55. Kg2 Qxb4 56. Qe6 Qd6 57. Qc8 g5 58. Qe8 Qe5 59. Qh5 Qf4 60. Qe8 Qd2+ 61. Kg3 Qe1+ 62. Kg2 Qe5 63. Qh5 Qf5 64. Qe8 Qe6 65. Qh5 Qd6 66. Qe8 Qe6 67. Qh5 Qe2+ 68. Kg3 Qe3 69. Kg2 Qd2+ 70. Kg3 Qf4+ 71. Kg2 Qh4 72. Qe8 Qf4 73.
Qxe7+ Kg6 74. Qe8+ Kg7 75. Qd7+ Kg6 76. Qd3+ Kg7 77.
Qe2 Kg6 78. Qe8+ Kg7 79. Qe7+ Kg6 80. Qe8+ 1/2-1/2

[Event "Late-Titled-Tuesday-Blitz-November-28-2023"]
[Site "Chess.com"]
[Date "2023.11.28"]
[Round "11"]
[White "KVAIDAN"]
[Black "serena-maria"]
[Result "1-0"]
[WhiteElo "2388"]
[BlackElo "2320"]
[TimeControl "180+1"]
[EndTime "16:03:40 PST"]
[Termination "KVAIDAN won on time"]

1. f4 d5 2. Nf3 c5 3. e3 Nc6 4. Bb5 Bg4 5. h3 Bxf3 6. Bxc6+ bxc6 7. Qxf3 e6 8. O-O Nf6 9. b3 Bd6 10. Bb2 O-O 11. Nc3 d4 12. Ne4 Nxe4 13. Qxe4 dxe3 14.
dxe3 Qc7 15. Rad1 Rfd8 16. Rd3 Rab8 17. Rfd1 Rb4 18. c4 Rbb8 19. Kh2 Bf8 20. Be5 Qe7 21. Bxb8 Rxb8 22. Qxc6 Qh4 23. Rd8 Rxd8 24. Rf1 Rd2 25. Rf3 Qe1 26. Qa8 Rd1 27. e4 Qh1+ 28. Kg3 Rd2 29. Rf2 Rxf2 30. Kxf2 Qb1 31. Qxa7 Qxe4 32.
g3 Qd4+ 33. Kf3 Qd3+ 34. Kg2 h6 35. Qa8 g6 36. Qf3 Qc2+ 37. Qf2 Qc3 38. Qf3 Qb4 39. a4 Kg7 40. g4 Bd6 41. Qe3 Qb7+ 42. Kg3 Qc7 43.
Kf3 e5 44. f5 gxf5 45. gxf5 Qd7 46. Ke4 Qc6+ 47. Kd3 Qg2 48. Qe4 Qg3+ 49. Kc2 Qxh3 50. a5 Qh2+ 51. Kb1 Qg1+ 52. Ka2 Qf2+ 53. Ka3 Qd2 54. Qa8 Qb4+ 55. Ka2 Qd2+ 56. Ka3 Qb4+ 57. Ka2 Kf6 58. a6 Qa5+ 59. Kb2 e4 60. Qc6 Ke7 61. f6+ Ke6 62. Qd5+ Kd7 63. Qxf7+ Kc6 64. Qe8+ Kc7 65.
Qf7+ Kc6 66. Qd5+ Kc7 67. Qb7+ Kd8 68. a7 Be5+ 69. Kc2 Qc3+ 70. Kd1 Qd3+ 71. Kc1 Bf4+ 72. Kb2 Qd2+ 73. Kb1 Qd1+ 74. Ka2 Qd2+ 75. Ka3 Qa5+ 76. Kb2 Be5+ 77. Kc2 Qc3+ 78. Kd1 Qd3+ 79. Kc1 Bf4+ 80. Kb2 Qd2+ 81. Kb1 Qd1+ 82. Ka2 Qc2+ 83. Ka3 Bc1+ 84. Ka4 Qa2+ 85. Kb5 Qxb3+ 86. Kc6 Qa4+ 87. Kd5 Qd1+ 88. Ke6 Qg4+ 89. Kf7 Qh5+ 90. Kg8 Qg5+ 91. Qg7 1-0

[Event "Late-Titled-Tuesday-Blitz-November-28-2023"]
[Site "Chess.com"]
[Date "2023.11.28"]
[Round "11"]
[White "VitaliyChayka"]
[Black "Teidi96"]
[Result "0-1"]
[WhiteElo "2407"]
[BlackElo "2305"]
[TimeControl "180+1"]
[EndTime "16:03:44 PST"]
[Termination "Teidi96 won on time"]

1. d4 Nf6 2. Bf4 e6 3. e3 d5 4.
Nf3 Bd6 5. Bg3 c5 6. c3 Nc6 7.
Nbd2 O-O 8. Bd3 b6 9. Ne5 Ne7 10. f4 Bb7 11. Qf3 Nf5 12. Bf2 Be7 13. O-O Nd6 14.
Qh3 Nde4 15. Rad1 Nxd2 16. Rxd2 Ne4 17. dxc5 bxc5 18. Bxe4 f5 19. Bf3 Bf6 20. g4 Bxe5 21.
fxe5 Qg5 22. Qh4 Qg6 23. Kh1 fxg4 24. Qxg4 Qh6 25. Bg2 Rf5 26. Rdd1 Rg5 27. Qh4 Rxg2 28. Kxg2 d4+ 29. e4 Qg6+ 30. Bg3 Bxe4+ 31. Kg1 d3 32. c4 Rb8 33. b3 a5 34. Rfe1 Bf5 35.
Rd2 a4 36. bxa4 h6 37. a5 Kh7 38. Qf4 Ra8 39. Rb1 Rxa5 40. Rb5 Ra3 41. Rb3 Ra4 42. Kf2 Qe8 43. Ke3 Qa8 44. Qf3 Qa6 45. Rdxd3 Bxd3 46. Rxd3 Qxc4 47. Be1 Rxa2 48. Qe4+ Qxe4+ 49. Kxe4 Rxh2 50. Bg3 Re2+ 51. Re3 Rxe3+ 52. Kxe3 Kg6 53.
Kf4 c4 54. Be1 Kh5 55. Ba5 g5+ 56. Ke4 Kg4 57. Kd4 Kf5 58. Bc7 g4 59. Kxc4 Ke4 60.
Kc3 Ke3 61. Kc2 Ke2 62. Bb6 h5 63. Kc3 h4 64. Kc4 h3 65. Kc5 g3 66. Kd6 h2 67.
Kxe6 h1=Q 68. Ke7 Qc6 69. Bd8 g2 70. e6 g1=Q 71. Kf7 Qf2+ 72. Bf6 Qc4 73. Ke7 Qe3 0-1

[Event "Late-Titled-Tuesday-Blitz-November-28-2023"]
[Site "Chess.com"]
[Date "2023.11.28"]
[Round "11"]
[White "Sic_Transit_GM"]
[Black "jcibarra"]
[Result "0-1"]
[WhiteElo "2708"]
[BlackElo "2894"]
[TimeControl "180+1"]
[EndTime "16:04:00 PST"]
[Termination "jcibarra won on time"]

1. g3 Nf6 2. Bg2 g6 3. e4 d6 4.
d4 Bg7 5. Ne2 O-O 6. O-O e5 7. h3 exd4 8. Nxd4 Nc6 9. Nxc6 bxc6 10.
c4 Rb8 11. Nc3 Be6 12. c5 dxc5 13. Qc2 Nd7 14. Rd1 Qe7 15. Be3 Ne5 16. Na4 Rb5 17. Bxc5 Rxc5 18. Nxc5 Bc8 19. f4 Nd7 20. Rac1 h5 21.
b3 h4 22. g4 g5 23. fxg5 Ne5 24. Nd3 Qxg5 25. Nc5 Qe3+ 26. Qf2 Qg5 27. Rc2 Ng6 28. Nd3 Rd8 29. Nb2 Re8 30. Nc4 c5 31. Kh1 Nf4 32. Rf1 Bh6 33. Ne3 Be6 34. Nf5 Bxf5 35.
exf5 Nd3 36. Qf3 Re3 37. Qa8+ Kh7 38. Qd5 Qg7 39. f6 Qg6 40. Rc4 Re5 41. Qd7 Be3 42.
Rc3 Nf2+ 43. Kh2 Bd4 44. Rf3 Re2 45. Qf5 Ne4 46. Qxg6+ Kxg6 47. Rf5 Ng3 48. R5f3 Nxf1+ 49. Rxf1 Be5+ 50. Kh1 Rxa2 51. Be4+ Kh6 52. Rf5 Ra1+ 53. Kg2 Ra2+ 54. Kf1 Bxf6 55. Rxf6+ Kg7 56. Rf5 Ra3 57. Bd5 f6 58. Bc4 Ra5 59. Rh5 Ra1+ 60. Kg2 a5 61. Rxh4 a4 62. bxa4 Rxa4 63. g5 fxg5 64. Rg4 Kf6 65. Kf3 Ra3+ 66. Kg2 Rc3 67. Be2 Re3 68. Bf3 Rc3 69. Re4 c4 70. Re8 Rc2+ 71. Kg3 c3 72. Rc8 Ke5 73. Rxc7 Kd4 74. Rd7+ Ke3 75. Re7+ Kd4 76. Rg7 Rb2 77. Rxg5 c2 78.
Rd5+ Kc4 79. Rd8 Rb5 80. Be2+ Kb4 81. Bxb5 c1=Q 82. Rd5 Qc3+ 83. Kf4 Qc1+ 84. Ke5 Qg5+ 85. Kd6 Qg3+ 0-1

[Event "Late-Titled-Tuesday-Blitz-November-28-2023"]
[Site "Chess.com"]
[Date "2023.11.28"]
[Round "11"]
[White "Zhigalko_Sergei"]
[Black "IMRosen"]
[Result "1-0"]
[WhiteElo "2906"]
[BlackElo "2712"]
[TimeControl "180+1"]
[EndTime "16:04:02 PST"]
[Termination "Zhigalko_Sergei won by checkmate"]

1. e4 c5 2. c3 d5 3. exd5 Qxd5 4. d4 Nf6 5. Nf3 e6 6. Bd3 Nc6 7. O-O Be7 8. Be3 cxd4 9. cxd4 O-O 10. Nc3 Qd6 11.
a3 a6 12. Rc1 g6 13. Re1 b5 14. Ne4 Nxe4 15. Bxe4 Bb7 16. Ne5 Rac8 17. Bf4 Nxe5 18.
Bxb7 Rxc1 19. Qxc1 Qb6 20. Be4 Nc4 21. b3 Nd6 22. Bf3 Rc8 23. Qd2 Nf5 24. d5 exd5 25. Bg4 Qf6 26. Bxf5 gxf5 27. Qxd5 Rd8 28. Qf3 Bxa3 29.
h4 Qg6 30. Bg5 Rf8 31. Qf4 h6 32. Bxh6 Rd8 33. Bg5 Rf8 34. Qd4 a5 35. Re3 Qg7 36. Bf6 Bc5 37. Qxc5 Qxf6 38. Qxb5 f4 39. Rf3 Rd8 40.
Qe2 Rc8 41. Rd3 Rc1+ 42. Rd1 Rxd1+ 43. Qxd1 Qxh4 44. Qd5 f3 45. Qxf3 Qg5 46. Qa8+ Kg7 47. Qf3 Qc1+ 48. Kh2 Qh6+ 49. Qh3 Qd2 50. Qg3+ Kf8 51.
Qe3 Qb4 52. Qf3 a4 53. Qa8+ Kg7 54. Qxa4 Qe1 55. Qg4+ Kf8 56. Qf4 Qb1 57. b4 Qh7+ 58. Kg3 Qd3+ 59. f3 Qc3 60. Qb8+ Kg7 61. Qf4 Qe1+ 62.
Kh2 Qb1 63. Qg4+ Kf8 64. Qe4 Qb2 65. Kg3 Qg7+ 66. Qg4 Qb2 67. Qf4 Qg7+ 68. Kh2 Qb2 69.
Kh3 Qh8+ 70. Qh4 Qb2 71. Qd8+ Kg7 72. Qd6 Qb1 73. f4 Qh1+ 74. Kg3 Qe1+ 75. Kf3 Qf1+ 76. Ke3 Qxg2 77. Qe5+ Kf8 78. Qb8+ Kg7 79. Qe5+ Kf8 80.
Qc5+ Kg7 81. Qg5+ Qxg5 82. fxg5 Kf8 83. Kf4 Kg7 84. Kf5 Kh7 85. Kf6 Kg8 86. b5 Kf8 87.
b6 Kg8 88. b7 Kh7 89. g6+ fxg6 90. b8=Q g5 91. Qc7+ Kh6 92. Qg7+ Kh5 93. Qxg5# 1-0

[Event "Late-Titled-Tuesday-Blitz-November-28-2023"]
[Site "Chess.com"]
[Date "2023.11.28"]
[Round "11"]
[White "kai_nov"]
[Black "Bryanl106"]
[Result "1/2-1/2"]
[WhiteElo "2312"]
[BlackElo "2491"]
[TimeControl "180+1"]
[EndTime "16:04:04 PST"]
[Termination "Game drawn by repetition"]

1. d4 Nf6 2. c4 g6 3. f3 Bg7 4. e4 d6 5. Nc3 c6 6. Bg5 Nbd7 7. Nh3 a6 8. Nf2 b5 9. Qd2 h6 10. Be3 e5 11. d5 cxd5 12. cxd5 Bb7 13. Be2 Rc8 14. O-O Qe7 15. Rfc1 g5 16. b4 O-O 17. a4 bxa4 18. Nxa4 Nh5 19. g3 Nhf6 20. g4 Rfe8 21. Nb6 Nxb6 22. Bxb6 Qd7 23. Qa2 Bf8 24. Bxa6 Rxc1+ 25. Rxc1 Ra8 26. b5 Bxa6 27. bxa6 Qb5 28. Rb1 Rxa6 29. Rxb5 Rxa2 30. Bc7 Rc2 31. Rb7 Kg7 32.
Kg2 Kg6 33. Kg3 h5 34. h3 Ne8 35. Bd8 hxg4 36. hxg4 f6 37. Rb8 Kf7 38. Ba5 Ra2 39.
Rb7+ Kg8 40. Bd8 Ra8 41. Bb6 Rc8 42. Nd3 Ng7 43. Nb4 Rc1 44. Nc6 Ne8 45. Rb8 Ng7 46.
Ne7+ Kf7 47. Nc6 Ne8 48. Bd8 Rg1+ 49. Kf2 Ra1 50. Rb7+ Kg6 51. Be7 Bxe7 52. Nxe7+ Kf7 53. Nf5+ Kf8 54. Re7 Ra2+ 55. Kg3 Ra1 56. Re6 Ra6 57. Kh3 Kf7 58. Re7+ Kf8 59. Rh7 Ra3 60. Kg3 Ra1 61. Rd7 Rg1+ 62. Kf2 Ra1 63. Nxd6 Nxd6 64. Rxd6 Ke7 65. Re6+ Kf7 66. Kg3 Rd1 67. Rc6 Kg6 68.
Rc7 Rd2 69. Rd7 Kh6 70. Rd8 Kg6 71. Rf8 Kg7 72. Re8 Kg6 73. Rc8 Kg7 74. Rc7+ Kg6 75. Kh3 Kh6 76. Rc1 Kg6 77. Rg1 Kg7 78. Rg2 Rd1 79. Kg3 Kg6 80. Rc2 Kg7 81. Kf2 Kg6 82.
Ke3 Kg7 83. Rd2 Ra1 84. d6 Ra8 85. d7 Rd8 86. Rd6 Kf7 87. Kd3 Ke7 88. Rd5 Rxd7 89. Rxd7+ Kxd7 90. Kc4 Kc6 91. Kb4 Kb6 92. Kc4 Kc6 93.
Kb4 Kb6 94. Kc4 Kc6 1/2-1/2